 Dungeon Sprint DCSS version 0.26-a0-668-gd58323b419 (webtiles) character file.

Game seed: 17189983644586983617

11601 mhtbhm the Sorcerer (level 11, -1/57 HPs)
             Began as a Deep Elf Earth Elementalist on Oct 18, 2020.
             Was the Champion of Vehumet.
             Slain by a stone giant (37 damage)
             ... in the Dungeon (Sprint IX: "|||||||||||||||||||||||||||||").
             The game lasted 00:07:52 (2629 turns).

mhtbhm the Sorcerer (Deep Elf Earth Elementalist)   Turns: 2629, Time: 00:07:52

Health: -1/57      AC:  6    Str:  5    XL:     11   Next: 51%
Magic:  11/39      EV: 19    Int: 24    God:    Vehumet [******]
Gold:   1256       SH:  0    Dex: 21    Spells: 40/55 levels left

rFire    . . .     SeeInvis .   (no weapon)
rCold    . . .     Faith    .   (no shield)
rNeg     . . .     Spirit   .   c - +0 robe
rPois    .         Reflect  .   v - +0 helmet
rElec    .         Harm     .   m - +0 cloak
rCorr    .         Rampage  .   a - +0 pair of gloves
MR       +....     NoTele   +   u - +0 pair of boots
Stlth    +++.......             (no amulet)
HPRegen  0.19/turn              n - +3 ring of dexterity
MPRegen  0.26/turn              o - +3 ring of dexterity

@: no status effects
A: no striking features
a: Renounce Religion


You were in the Dungeon.
You worshipped Vehumet.
Vehumet was exalted by your worship.
You visited 1 branch You collected 1256 gold pieces.

Inventory:

Missiles
 b - 18 stones (quivered)
Armour
 a - a +0 pair of gloves (worn)
 c - a +0 robe (worn)
 m - a +0 cloak (worn)
 u - a +0 pair of boots (worn)
 v - a +0 helmet (worn)
Jewellery
 n - a +3 ring of dexterity (left hand)
 o - a +3 ring of dexterity (right hand)
Wands
 l - a wand of acid (3)
Scrolls
 i - 3 scrolls of blinking
 j - 5 scrolls of remove curse
 k - 2 scrolls of amnesia
 r - a scroll of fog
 s - a scroll of fear
 t - 2 scrolls of enchant weapon
Potions
 d - 6 potions of curing
 e - 5 potions of heal wounds
 f - a potion of haste
 g - 6 potions of magic
 h - a potion of berserk rage
 p - a potion of might
 q - 2 potions of brilliance


   Skills:
 + Level 1.9 Fighting
 + Level 7.7 Dodging
 - Level 2.8 Stealth
 + Level 22.5 Spellcasting
 + Level 2.7 Conjurations
 + Level 4.6 Transmutations
 + Level 20.0 Earth Magic
 + Level 3.7 Evocations


You had 40 spell levels left.
You knew the following spells:

 Your Spells              Type           Power        Failure   Level
a - Sandblast             Erth           ######       0%          1
b - Passwall              Tmut/Erth      ######..     0%          2
c - Stone Arrow           Conj/Erth      ######       1%          3
d - Lee's Rapid Deconstr  Erth           #######...   0%          5
e - Petrify               Tmut/Erth      ######..     1%          4

Your spell library contained the following spells:

 Spells                   Type           Power        Failure   Level
 Orb of Destruction       Conj           #####.....   67%         7


Dungeon Overview and Level Annotations

Branches:
Dungeon (1/1)

Altars:
Cheibriados
Dithmenos
Elyvilon
Fedhas
Gozag
Hepliaklqana
Kikubaaqudgha
Makhleb
Nemelex Xobeh
Okawaru
Qazlal
Ru
Sif Muna
Trog
Uskayaw
Vehumet
Wu Jian
Xom
Yredelemnul
Zin
The Shining One
Beogh
Jiyva
Lugonu

Shops:
D [


Message History

An open door to Orc:2.
The stone door frame shatters!
The blast of rock fragments hits the stone giant!
The stone giant is severely wounded.
The blast of rock fragments hits the stone giant.
The stone giant is lightly wounded.
Unknown command.
Casting: Lee's Rapid Deconstruction (safe; 0% risk of failure)
Confirm with . or Enter, or press ? or * to list all spells.
Aiming: Lee's Rapid Deconstruction (safe; 0% risk of failure)
Press: ? - help, Dir - move target cursor, p - stone giant An open door to Orc:2.
The stone door frame shatters!
The blast of rock fragments hits the stone giant!!
The stone giant is heavily wounded.
The blast of rock fragments hits the stone giant!
The stone giant is almost dead.
The stone giant hits you!!!
Ouch! That really hurt!
You die...

▓∩▓.▓.▓.▓.▓
▓$▓.▓.▓.▓.▓
▓T▓.▓.▓.▓)▓
▓T▓.▓.▓.▓.▓
▓$▓.▓.▓.▓.▓
▓T▓.▓'▓.▓'▓
▓C▓.▓.▓.▓_▓
▓C▓.▓.▓.▓_▓
▓@▓.▓.▓.▓_▓
▓.▓.▓.▓.▓_▓
▓.▓.▓.▓.▓_▓
▓.▓.▓.▓.▓_▓
▓.▓.▓.▓.▓_▓
▓(▓.▓.▓.▓_▓
▓.▓.▓.▓.▓_▓
▓.▓.▓'▓.▓_▓
▓.▓.▓÷▓.▓_▓


You could see 2 stone giants, a deep troll and 2 trolls.

Vanquished Creatures
  A hydra (D)
  An ogre mage (D)
  3 catoblepae (D)
  A centaur warrior (D)
  2 death yaks (D)
  An orc high priest (D)
  An orc knight (D)
  An oklob plant (D)
  A black mamba (D)
  3 cane toads (D)
  A troll (D)
  A polar bear (D)
  A hornet (D)
  A slime creature (D)
  5 yaks (D)
  A wyvern (D)
  A steam dragon (D)
  3 water moccasins (D)
  9 orc warriors (D)
  An ogre (D)
  A centaur (D)
  6 bullfrogs (D)
  A scorpion (D)
  7 orc wizards (D)
  2 orc priests (D)
  2 worker ants (D)
  2 shadow imps (D)
  An ufetubus (D)
  6 orcs (D)
  2 bats (D)
  A bat skeleton (D)
  2 giant cockroaches (D)
  A goblin (D)
  A hobgoblin (D)
74 creatures vanquished.

Notes
Turn   | Place    | Note
-------+----------+-------------------------------------------
     0 | D        | mhtbhm the Deep Elf Earth Elementalist began the quest for
                  | the Orb.
     0 | D        | Reached XP level 1. HP: 10/10 MP: 6/6
     9 | D        | Banished a spatial maelstrom
   103 | D        | Noticed a worker ant
   104 | D        | Reached skill level 4 in Spellcasting
   104 | D        | Reached XP level 2. HP: 15/15 MP: 7/9
   126 | D        | Learned a level 2 spell: Passwall
   128 | D        | Reached skill level 5 in Spellcasting
   128 | D        | Reached XP level 3. HP: 13/19 MP: 7/11
   140 | D        | Found a roughly hewn altar of Beogh.
   140 | D        | Found a snail-covered altar of Cheibriados.
   140 | D        | Found a shadowy altar of Dithmenos.
   140 | D        | Found a white marble altar of Elyvilon.
   140 | D        | Found a blossoming altar of Fedhas.
   140 | D        | Found an opulent altar of Gozag.
   141 | D        | Found a hazy altar of Hepliaklqana.
   142 | D        | Found a viscous altar of Jiyva.
   143 | D        | Found an ancient bone altar of Kikubaaqudgha.
   144 | D        | Found a corrupted altar of Lugonu.
   145 | D        | Found a burning altar of Makhleb.
   146 | D        | Found a sparkling altar of Nemelex Xobeh.
   147 | D        | Found an iron altar of Okawaru.
   148 | D        | Found a stormy altar of Qazlal.
   149 | D        | Found a sacrificial altar of Ru.
   150 | D        | Found a shimmering blue altar of Sif Muna.
   151 | D        | Found a bloodstained altar of Trog.
   152 | D        | Found a hide-covered altar of Uskayaw.
   157 | D        | Learned a level 3 spell: Stone Arrow
   157 | D        | Found a radiant altar of Vehumet.
   158 | D        | Found an ornate altar of the Wu Jian Council.
   159 | D        | Found a shimmering altar of Xom.
   160 | D        | Found a basalt altar of Yredelemnul.
   161 | D        | Found a glowing silver altar of Zin.
   162 | D        | Found a glowing golden altar of the Shining One.
   165 | D        | Became a worshipper of Vehumet
   265 | D        | Noticed a centaur
   265 | D        | Noticed a bullfrog
   265 | D        | Noticed a bullfrog
   265 | D        | Noticed a yak
   271 | D        | Killed a bullfrog
   271 | D        | Reached skill level 7 in Spellcasting
   271 | D        | Reached XP level 4. HP: 22/24 MP: 12/15
   271 | D        | Killed a bullfrog
   271 | D        | Reached * piety under Vehumet
   271 | D        | Offered knowledge of Freeze by Vehumet.
   271 | D        | Reached skill level 8 in Spellcasting
   271 | D        | Reached XP level 5. HP: 26/28 MP: 14/18
   273 | D        | Killed a yak
   273 | D        | Reached skill level 5 in Dodging
   273 | D        | Reached skill level 10 in Spellcasting
   273 | D        | Reached skill level 10 in Earth Magic
   273 | D        | Reached skill level 1 in Evocations
   273 | D        | Reached XP level 6. HP: 29/33 MP: 13/21
   274 | D        | Reached skill level 11 in Spellcasting
   275 | D        | Reached ** piety under Vehumet
   312 | D        | Learned a level 5 spell: Lee's Rapid Deconstruction
   317 | D        | Learned a level 4 spell: Petrify
   325 | D        | Noticed a hornet
   325 | D        | Noticed a slime creature
   325 | D        | Noticed a troll
   325 | D        | Noticed a centaur warrior
   331 | D        | Killed a centaur warrior
   331 | D        | Reached skill level 1 in Fighting
   331 | D        | Reached skill level 13 in Spellcasting
   331 | D        | Reached XP level 7. HP: 25/38 MP: 17/26
   331 | D        | Reached XP level 8. HP: 28/43 MP: 17/27
   332 | D        | Reached *** piety under Vehumet
   339 | D        | Killed a troll
   339 | D        | Reached skill level 14 in Spellcasting
   339 | D        | Killed a slime creature
   442 | D        | Killed a hornet
   442 | D        | Reached skill level 15 in Spellcasting
   563 | D        | Noticed a cane toad
   563 | D        | Noticed a polar bear
   566 | D        | Offered knowledge of Searing Ray by Vehumet.
   566 | D        | Reached **** piety under Vehumet
   566 | D        | Reached skill level 15 in Earth Magic
   566 | D        | Reached XP level 9. HP: 48/48 MP: 27/30
   569 | D        | Killed a cane toad
   569 | D        | Reached skill level 16 in Spellcasting
   570 | D        | Killed a polar bear
   575 | D        | Noticed a cane toad
   586 | D        | Reached ***** piety under Vehumet
   586 | D        | Reached skill level 17 in Spellcasting
   603 | D        | Killed a cane toad
   728 | D        | Noticed a black mamba
   728 | D        | Noticed an oklob plant
   728 | D        | Noticed a five-headed hydra
   728 | D        | Noticed a cane toad
   741 | D        | Killed a cane toad
   741 | D        | Offered knowledge of Dazzling Flash by Vehumet.
   741 | D        | Killed a five-headed hydra
   741 | D        | Reached skill level 18 in Spellcasting
   741 | D        | Reached XP level 10. HP: 30/53 MP: 15/34
   998 | D        | Killed an oklob plant
   998 | D        | Offered knowledge of Frozen Ramparts by Vehumet.
   999 | D        | Killed a black mamba
   999 | D        | Reached skill level 19 in Spellcasting
  1111 | D        | Reached ****** piety under Vehumet
  1139 | D        | Noticed a catoblepas
  1139 | D        | Noticed a catoblepas
  1139 | D        | Noticed a catoblepas
  1139 | D        | Noticed a death yak
  1141 | D        | Offered knowledge of Ignite Poison by Vehumet.
  1144 | D        | Killed a catoblepas
  1144 | D        | Reached skill level 1 in Conjurations
  1146 | D        | Noticed a death yak
  1147 | D        | Killed a catoblepas
  1147 | D        | Reached skill level 20 in Spellcasting
  1148 | D        | HP: 1/53 [something/blast of calcifying dust (2)]
  1165 | D        | Killed a death yak
  1540 | D        | Offered knowledge of Bolt of Magma by Vehumet.
  1541 | D        | Killed a catoblepas
  1541 | D        | Reached XP level 11. HP: 57/57 MP: 28/37
  1556 | D        | Killed a death yak
  1556 | D        | Reached skill level 21 in Spellcasting
  1931 | D        | Offered knowledge of Lightning Bolt by Vehumet.
  2175 | D        | Offered knowledge of Orb of Destruction by Vehumet.
  2179 | D        | Noticed an orc knight
  2181 | D        | Noticed an orc high priest
  2292 | D        | Killed an orc knight
  2460 | D        | Killed an orc high priest
  2460 | D        | Reached skill level 22 in Spellcasting
  2622 | D        | Found Kacvut's Antique Armour Boutique.
  2622 | D        | Noticed a stone giant
  2622 | D        | Noticed a stone giant
  2622 | D        | Noticed an ogre mage
  2622 | D        | Noticed a deep troll
  2625 | D        | Killed an ogre mage
  2629 | D        | Slain by a stone giant

Illustrated notes

Levels and vault maps discovered:
D:        linesprint [early_d, line_temple, items_1, d_10, items_2, lair_1,
          lair_end, items_3, orc_1, orc_end, items_4, d_15, swamp_1, shoals_1,
          snake_1, spider_1, d_20, vaults_1, items_5, swamp_end, shoals_end,
          snake_end, spider_end, vaults_end, d_27, items_6, zot_1, zot_end,
          crypt_end, forest_end, elf_end, slime_end, tomb_end, abyss_end,
          pan_hell_end]

Skill      XL: |  1  2  3  4  5  6  7  8  9 10 11 |
---------------+----------------------------------+-----
Earth Magic    | 4 6 8 9 10 13 15 17 19 20 | 20.0
Dodging        | 3 4 5 6 7 |  7.7
Spellcasting   | 4 5 7 8 10 13 15 18 20 22 | 22.5
Transmutations | 2 3 4 |  4.6
Evocations     | 1 2 3 |  3.7
Fighting       | 1 |  1.9
Conjurations   | 2 |  2.7
Stealth        | |  2.8

Action                   |  1- 3 |  4- 6 |  7- 9 | 10-12 || total
-------------------------+-------+-------+-------+-------++-------
Melee: Unarmed           |     2 |       |       |       ||     2
 Cast: Sandblast         |    14 |     8 |       |     1 ||    23
       Lee's Rapid Decon |       |       |    15 |    47 ||    62
       Petrify           |       |       |     3 |     4 ||     7
       Stone Arrow       |       |       |       |    17 ||    17
Evoke: Wand              |     1 |     1 |       |     5 ||     7
  Use: Potion            |     1 |       |       |     3 ||     4
Armor: Robe              |     5 |       |     1 |     1 ||     7
Dodge: Dodged            |     9 |     4 |     7 |    11 ||    31

Table legend: (Time is in decaauts)
 A = Elapsed time spent in this place.
 B = Non-inter-level travel time spent in this place.
 C = Inter-level travel time spent in this place.
 D = Time resting spent in this place.
 E = Time spent auto-exploring this place.
 F = Levels seen in this place.
 G = Mean time per level.
                   A        B        C        D        E       F      G
               +--------+--------+--------+--------+--------+-----+--------+
         Total |   2629 |   2629 |      0 |   1606 |    281 |   1 | 2629.0 |
       Dungeon |   2629 |   2629 |      0 |   1606 |    281 |   1 | 2629.0 |
               +--------+--------+--------+--------+--------+-----+--------+

Top non-repeatable levels by time:
       D: 2629 daAuts
